[Event "Team 45 45 League T37"]
[Site "Internet Chess Club"]
[Date "2008.06.01"]
[Round "6"]
[White "EyeAm"]
[Black "yemisco1"]
[Result "1/2-1/2"]
[WhiteElo "1433"]
[BlackElo "1429"]
[Opening "Sicilian: Alapin's variation (2.c3)"]
[ECO "B22"]
[Time "13:59:29"]
[TimeControl "2700+45"]

1. e4 c5 2. c3 Nc6 3. d4 e6 4. Nf3 h6 5. d5 exd5 6. exd5 Nb8 7. Be3 Nf6 8. d6 b6
9. Bc4 Ne4 10. Bxf7+ Kxf7 11. Qd5+ Kg6 12. Qxe4+ Kf7 13. Ne5+ Kg8 14. Ng6 Nc6
15. Nxh8 Kxh8 16. O-O Bb7 17. Na3 Bxd6 18. Rad1 Qb8 19. Qh4 Qf8 20. c4 Be7 21.
Qf4 Qd8 22. Nb5 Bg5 23. Qg3 Bh4 24. Qf4 Bg5 25. Qg3 Bh4 26. Qf4 Bg5 27. Qg3 Bh4
{Game drawn by repetition} 1/2-1/2

[Event "Team 45 45 League T37"]
[Site "Internet Chess Club"]
[Date "2008.05.30"]
[Round "6"]
[White "moreffee"]
[Black "guyd52"]
[Result "0-1"]
[WhiteElo "1231"]
[BlackElo "1293"]
[Opening "Réti opening"]
[ECO "A04"]
[Time "15:00:57"]
[TimeControl "2700+45"]

1. Nf3 g6 2. e4 d6 3. Bc4 Nf6 4. Nc3 Bg7 5. d4 O-O 6. Be3 Nbd7 7. O-O c6 8. Qd2
Re8 9. Bxf7+ Kxf7 10. Ng5+ Kg8 11. Ne6 Qa5 12. Nxg7 Kxg7 13. Bh6+ Kg8 14. Be3 e5
15. dxe5 dxe5 16. Qe2 Qb4 17. Bd2 Qd6 18. Rad1 Qe6 19. h3 b6 20. f4 exf4 21.
Bxf4 Nc5 22. Rd6 Qe7 23. e5 Ba6 24. Qd2 Nfe4 25. Nxe4 Nxe4 26. Qb4 Nxd6 27. exd6
Qf7 28. Rf2 Rad8 29. Bh6 Qc4 30. Qd2 Re2 31. Rxe2 Qxe2 32. Qc3 Qf1+ 33. Kh2 Qf7
34. Qxc6 Bb7 35. Qc7 Qxc7 36. dxc7 Rd1 37. Kg3 Kf7 38. Kf4 Rd5 39. c4 Rc5 40.
Bg5 Rxc4+ 41. Ke3 Rxc7 {White resigns} 0-1

[Event "Team 45 45 League T37"]
[Site "Internet Chess Club"]
[Date "2008.05.30"]
[Round "6"]
[White "wekabird"]
[Black "seldredg"]
[Result "0-1"]
[WhiteElo "1369"]
[BlackElo "1346"]
[Opening "English opening"]
[ECO "A10"]
[Time "20:30:11"]
[TimeControl "2700+45"]

1. c4 d5 2. cxd5 Qxd5 3. Nc3 Qd6 4. Nf3 Nf6 5. g3 Bg4 6. Bg2 c6 7. O-O e5 8. e4
Nbd7 9. Re1 h6 10. h3 Bh5 11. g4 Bxg4 12. hxg4 Nxg4 13. Nh4 Ngf6 14. d3 g6 15.
f4 Qc7 16. f5 g5 17. Nf3 g4 18. Nd2 h5 19. Re3 Bc5 20. Qe1 Bxe3+ 21. Qxe3 Qb6
22. Nb3 Qxe3+ 23. Bxe3 b6 24. Bg5 O-O-O 25. d4 Rde8 26. d5 c5 27. Nb5 Kb8 28.
Nd6 Ref8 29. a4 h4 30. a5 h3 31. Bh1 g3 32. axb6 axb6 33. Bxf6 Nxf6 34. Ra6 Kc7
35. Nb5+ Kb7 36. Ra7+ Kb8 37. Rc7 Ng4 38. Rc6 g2 39. Rxb6+ Kc8 40. Na7+ Kc7 41.
Rc6+ Kb7 42. Nb5 gxh1=Q+ 43. Kxh1 h2 44. Nxc5+ Ka8 45. Nc7+ Ka7 46. Ra6+ Kb8 47.
d6 Nf2+ 48. Kg2 h1=Q+ 49. Kxf2 Rh2+ 50. Ke3 Rh3+ 51. Kd2 Qg2+ 52. Kc1 Rh1#
{White checkmated} 0-1

[Event "Team 45 45 League T37"]
[Site "Internet Chess Club"]
[Date "2008.05.30"]
[Round "6"]
[White "Ernie1"]
[Black "Philly-Boy"]
[Result "1/2-1/2"]
[WhiteElo "1689"]
[BlackElo "1852"]
[Opening "QGD: Chigorin defense"]
[ECO "D07"]
[Time "22:04:39"]
[TimeControl "2700+45"]

1. d4 d5 2. c4 Nc6 3. cxd5 Qxd5 4. Nf3 e5 5. Nxe5 Bb4+ 6. Bd2 Bxd2+ 7. Nxd2 Nxe5
8. dxe5 Qxe5 9. Qa4+ Bd7 10. Qe4 Qxe4 11. Nxe4 Bc6 12. Ng5 Nf6 13. f3 Rd8 14. e4
h6 15. Nh3 Ke7 16. Rd1 Nd7 17. Kf2 Nc5 18. Bc4 Na4 19. b3 Nb2 20. Rxd8 Rxd8 21.
Ke2 Nxc4 22. bxc4 g5 23. Nf2 Be8 24. h4 Rd4 25. hxg5 hxg5 26. Rc1 c5 27. Nd3 b6
28. Nb2 f6 29. Rd1 Kd6 30. Ke3 Rxd1 31. Nxd1 Ke5 32. Nc3 a6 33. a4 Bc6 34. g3 f5
35. f4+ gxf4+ 36. gxf4+ Ke6 37. e5 Bg2 38. Kf2 Bh1 39. Ke2 Bc6 {Game drawn by
mutual agreement} 1/2-1/2

[Event "Team 45 45 League T37"]
[Site "Internet Chess Club"]
[Date "2008.06.02"]
[Round "6"]
[White "bbrockva"]
[Black "NESKAYA"]
[Result "1-0"]
[WhiteElo "1587"]
[BlackElo "1464"]
[Opening "Queen's Indian accelerated"]
[ECO "A50"]
[Time "19:03:26"]
[TimeControl "2700+45"]

1. d4 Nf6 2. c4 b6 3. Nc3 Bb7 4. e3 e6 5. Nf3 Bb4 6. a3 Bxc3+ 7. bxc3 O-O 8. Be2
d5 9. cxd5 Bxd5 10. O-O c5 11. c4 Bb7 12. Bb2 Nbd7 13. Qb3 Rc8 14. Rfd1 Qe7 15.
a4 cxd4 16. exd4 Ne4 17. Ba3 Nd6 18. Bf1 Rfd8 19. Qb4 Nf6 20. Ne5 Qc7 21. Rac1
Nfe8 22. c5 bxc5 23. Rxc5 Qb8 24. Rdc1 Rxc5 25. dxc5 Nf5 26. c6 Qxe5 27. Qf8#
{Black checkmated} 1-0

[Event "Team 45 45 League T37"]
[Site "Internet Chess Club"]
[Date "2008.05.28"]
[Round "6"]
[White "Warpdrive"]
[Black "BrerRabbit"]
[Result "1/2-1/2"]
[WhiteElo "1700"]
[BlackElo "1627"]
[Opening "Sicilian: Taimanov variation"]
[ECO "B45"]
[Time "20:00:15"]
[TimeControl "2700+45"]

1. e4 c5 2. Nf3 e6 3. d4 cxd4 4. Nxd4 Nc6 5. Nc3 d6 6. Be3 a6 7. Be2 Nf6 8. O-O
Be7 9. a3 Bd7 10. f4 Nxd4 11. Qxd4 Bc6 12. Rad1 O-O 13. g4 d5 14. e5 Ne4 15.
Nxe4 dxe4 16. Qxd8 Rfxd8 17. Bb6 Rxd1 18. Rxd1 Rc8 19. c3 Kf8 20. Bf1 Ke8 21.
Bg2 Bd8 22. Bxd8 Rxd8 23. Rxd8+ Kxd8 24. Kf1 Kc7 25. Ke2 Kb6 26. Ke3 Kc5 27. b3
a5 28. a4 b5 29. axb5 Bxb5 30. Bxe4 g6 31. g5 a4 32. bxa4 Bxa4 33. h4 Bb5 34.
Bd3 Bc6 35. Be2 Ba4 36. h5 Bc6 37. hxg6 hxg6 38. Ba6 Ba4 39. Bd3 Bc6 40. Ba6
{Game drawn by mutual agreement} 1/2-1/2

[Event "Team 45 45 League T37"]
[Site "Internet Chess Club"]
[Date "2008.05.31"]
[Round "6"]
[White "fredd"]
[Black "MarcoDeSade"]
[Result "1-0"]
[WhiteElo "1520"]
[BlackElo "1490"]
[Opening "Réti opening"]
[ECO "A05"]
[Time "10:34:01"]
[TimeControl "2700+45"]

1. Nf3 Nf6 2. g3 c6 3. Bg2 d5 4. O-O Bf5 5. d3 e6 6. b3 Be7 7. Bb2 O-O 8. Nbd2
Nbd7 9. Re1 Ne8 10. e4 dxe4 11. Nxe4 Bxe4 12. Rxe4 Bf6 13. Bxf6 Ndxf6 14. Rh4
Nd6 15. Ng5 h6 16. Ne4 Nf5 17. Nxf6+ Qxf6 18. Rf4 Qe7 19. Qd2 Rad8 20. Re1 Rd4
21. Rxf5 {Black resigns} 1-0

[Event "Team 45 45 League T37"]
[Site "Internet Chess Club"]
[Date "2008.05.31"]
[Round "6"]
[White "John3v16"]
[Black "yatiba"]
[Result "0-1"]
[WhiteElo "1748"]
[BlackElo "1691"]
[Opening "Scandinavian: Icelandic gambit"]
[ECO "B01"]
[Time "22:30:15"]
[TimeControl "2700+45"]

1. e4 d5 2. exd5 Nf6 3. c4 e6 4. dxe6 Bxe6 5. Nf3 Nc6 6. d4 Bg4 7. Be3 Be7 8.
Be2 O-O 9. O-O Re8 10. d5 Bxf3 11. Bxf3 Ne5 12. Nd2 c6 13. dxc6 Nxc6 14. Qa4 Qc7
15. g3 h5 16. Rad1 h4 17. Bxc6 bxc6 18. Nf3 hxg3 19. fxg3 Ng4 20. Bc1 Bc5+ 21.
Kg2 Re2+ 22. Kh3 Qc8 23. Kh4 Be7+ 24. Bg5 f6 25. c5 fxg5+ 26. Kh5 Nf6+ 27. Kg6
Qe8+ 28. Kxg5 Nd5+ 29. Kf5 Qf7+ 30. Kg4 Qg6+ 31. Kh3 Rf8 32. Rd4 Bxc5 33. Rg4
Qe6 34. Ng5 Qh6+ 35. Rh4 Qxg5 36. Qxc6 Rxf1 37. Qc8+ Bf8 38. Qd7 Rff2 {White
resigns} 0-1

[Event "Team 45 45 League T37"]
[Site "Internet Chess Club"]
[Date "2008.06.02"]
[Round "6"]
[White "GoIrish"]
[Black "OGO"]
[Result "0-1"]
[WhiteElo "1595"]
[BlackElo "1636"]
[Opening "KGA: Fischer defense"]
[ECO "C34"]
[Time "12:00:16"]
[TimeControl "2700+45"]

1. e4 e5 2. f4 exf4 3. Nf3 d6 4. d4 g5 5. Nc3 h6 6. Bc4 Bg7 7. Bd2 Nc6 8. Ne2
Nf6 9. e5 dxe5 10. Nxe5 Nxe5 11. dxe5 Ng4 12. Bb4 Qxd1+ 13. Rxd1 Nxe5 14. Bb3
Bd7 15. O-O O-O-O 16. Nc3 Be6 17. Be7 Rxd1 18. Rxd1 Bxb3 19. axb3 Nc6 20. Ba3
Rd8 21. Rxd8+ Kxd8 22. Kf2 Nd4 23. Na4 Nxc2 24. Bc5 Bd4+ 25. Bxd4 Nxd4 26. b4 b6
27. Nc3 Kd7 28. Ne4 Ke6 29. Nc3 a6 30. Ke1 Nc2+ 31. Kd2 Nxb4 32. Ne4 Ke5 33. Nf2
f5 34. b3 Kd4 35. h3 c5 36. Nd1 b5 37. Nb2 Nd5 38. Ke2 Ne3 39. Kf2 Kc3 {White
resigns} 0-1

[Event "Team 45 45 League T37"]
[Site "Internet Chess Club"]
[Date "2008.05.31"]
[Round "6"]
[White "dondel"]
[Black "allanchs"]
[Result "0-1"]
[WhiteElo "1464"]
[BlackElo "1556"]
[Opening "Queen's pawn game"]
[ECO "D00"]
[Time "12:01:38"]
[TimeControl "2700+45"]

1. d4 d5 2. e3 Nf6 3. h3 e6 4. Nf3 c5 5. c4 cxd4 6. exd4 Bb4+ 7. Bd2 Bxd2+ 8.
Nbxd2 O-O 9. Bd3 dxc4 10. Nxc4 b6 11. O-O Bb7 12. Re1 Nc6 13. Be4 Nxe4 14. Rxe4
Rc8 15. Rg4 Ne7 16. Qd3 Ba6 17. Rc1 Ng6 18. Qb3 Qd5 19. Nfd2 b5 20. Qf3 Qxf3 21.
Nxf3 bxc4 22. Re4 Bb7 23. Ree1 Bxf3 24. gxf3 Nf4 25. Rc3 Nd5 26. Rc2 Rc7 27. a3
Rb8 28. Rec1 Rbc8 29. Kg2 a5 30. Kg3 a4 31. f4 c3 32. bxc3 Rxc3+ 33. Rxc3 Rxc3+
{White resigns} 0-1

[Event "Team 45 45 League T37 u"]
[Site "Internet Chess Club"]
[Date "2008.05.29"]
[Round "6"]
[White "KrutoyChelovek"]
[Black "Jester"]
[Result "1/2-1/2"]
[WhiteElo "1490"]
[BlackElo "1438"]
[Opening "Petrov: Italian variation"]
[ECO "C24"]
[Time "22:00:23"]
[TimeControl "2700+45"]

1. e4 e5 2. Bc4 Nf6 3. Nf3 d6 4. Ng5 d5 5. exd5 Nxd5 6. Nf3 Bg4 7. h3 Bxf3 8.
Qxf3 c6 9. Nc3 Nf6 10. d3 h6 11. O-O Be7 12. Re1 Nbd7 13. Qg3 Nh5 14. Qg4 Ndf6
15. Qf3 O-O 16. Rxe5 Qc7 17. Rxh5 Nxh5 18. Qxh5 Bf6 19. Qg4 Rae8 20. Bxh6 Re7
21. Bf4 Be5 22. Bxe5 Rxe5 23. Qg3 Qd6 24. Ne4 Qe7 25. f4 Rxe4 26. dxe4 Qc5+ 27.
Qf2 Qxc4 28. Qxa7 Qxe4 29. Qxb7 Qxc2 30. Qb3 Qe4 31. Qc3 Rd8 32. Rf1 Rd3 33. Qe1
Re3 34. Qd2 Re2 35. Qd8+ Kh7 36. Qh4+ Kg8 37. Qd8+ Kh7 38. Qh4+ Kg8 39. Qd8+
{Game drawn by repetition} 1/2-1/2

[Event "Team 45 45 League T37"]
[Site "Internet Chess Club"]
[Date "2008.05.31"]
[Round "6"]
[White "GambitBandit"]
[Black "jonesey"]
[Result "1-0"]
[WhiteElo "2118"]
[BlackElo "1949"]
[Opening "King's Indian: East Indian defense"]
[ECO "A48"]
[Time "10:00:15"]
[TimeControl "2700+45"]

1. d4 Nf6 2. Nf3 g6 3. Nc3 d5 4. Bf4 Bg7 5. e3 O-O 6. Be2 b6 7. Ne5 Bb7 8. h4
Nbd7 9. h5 Nxe5 10. dxe5 Ne4 11. hxg6 hxg6 12. Bd3 Nxc3 13. bxc3 Qc8 14. Qf3 f5
15. Qg3 Qe6 16. Qg5 Qc6 17. O-O-O Kf7 18. g4 d4 19. gxf5 {Black forfeits on
time} 1-0

[Event "Team 45 45 League T37"]
[Site "Internet Chess Club"]
[Date "2008.06.01"]
[Round "6"]
[White "basserben"]
[Black "smitty120"]
[Result "0-1"]
[WhiteElo "1603"]
[BlackElo "1973"]
[Opening "Sicilian: Najdorf, 6...e6"]
[ECO "B95"]
[Time "09:59:20"]
[TimeControl "2700+45"]

1. e4 c5 2. Nf3 d6 3. d4 cxd4 4. Nxd4 Nf6 5. Nc3 a6 6. Bg5 e6 7. a3 Nbd7 8. Bc4
Ne5 9. Bb3 Be7 10. Nf3 Nc6 11. Qd2 Qc7 12. O-O b5 13. Rad1 Bb7 14. Bxf6 gxf6 15.
Rfe1 O-O-O 16. Ne2 Na5 17. Ng3 Nxb3 18. cxb3 Kb8 19. Rc1 Qb6 20. Rc2 h5 21. Qd4
Qxd4 22. Nxd4 h4 23. Nf1 Rc8 24. Nd2 Rc5 25. Rec1 Rhc8 26. Rxc5 dxc5 27. N4f3
Rd8 28. Kf1 Bd6 29. Ke2 h3 30. Rg1 Rg8 31. gxh3 Rxg1 32. Nxg1 Be5 33. Kd3 Bxb2
34. Nb1 Bd4 35. Ne2 Bxf2 36. Nd2 Kc7 37. Ng3 Kd6 38. Nf3 Ke7 39. h4 Kf8 40. Nh5
f5 41. Nf6 c4+ 42. bxc4 bxc4+ 43. Ke2 c3 44. Ne1 Bxh4 45. Nd7+ Ke7 46. Nc5 Bxe4
47. Nxe4 fxe4 48. Ng2 Bg5 49. Kd1 Bd2 50. Kc2 f5 51. Kd1 f4 52. Ne1 Bxe1 53.
Kxe1 e3 54. Kd1 f3 {White resigns} 0-1

[Event "Team 45 45 League T37"]
[Site "Internet Chess Club"]
[Date "2008.05.31"]
[Round "6"]
[White "Folgers"]
[Black "mcplayerus"]
[Result "1-0"]
[WhiteElo "2056"]
[BlackElo "1964"]
[Opening "Trompowsky attack (Ruth, Opocenský opening)"]
[ECO "A45"]
[Time "11:00:05"]
[TimeControl "2700+45"]

1. d4 Nf6 2. Bg5 g6 3. Bxf6 exf6 4. c4 Bg7 5. Nc3 f5 6. g3 O-O 7. Bg2 Nc6 8. e3
Re8 9. Nge2 Na5 10. Qd3 c5 11. Rd1 Nc6 12. O-O cxd4 13. Nxd4 Nxd4 14. exd4 d5
15. Nxd5 Be6 16. Rfe1 Rc8 17. b3 b5 18. cxb5 Bxd5 19. Rxe8+ Qxe8 20. Bxd5 f4 21.
Bc6 Qd8 22. d5 Qd6 23. Re1 h5 24. Qe4 fxg3 25. hxg3 Bc3 26. Qe7 Qb8 27. Re3 Bd4
28. Rf3 Rf8 29. Kg2 h4 30. gxh4 Qc8 31. Qg5 Kg7 32. h5 Rh8 33. Qf4 {Black
resigns} 1-0

[Event "Team 45 45 League T37"]
[Site "Internet Chess Club"]
[Date "2008.05.30"]
[Round "6"]
[White "Ser-Enigma"]
[Black "BadHabitMarco"]
[Result "1-0"]
[WhiteElo "2136"]
[BlackElo "1920"]
[Opening "Catalan: closed, 5.Nf3"]
[ECO "E06"]
[Time "13:01:43"]
[TimeControl "2700+45"]

1. d4 Nf6 2. c4 e6 3. Nf3 d5 4. g3 Be7 5. Bg2 O-O 6. O-O c5 7. cxd5 Nxd5 8. e4
Nb6 9. Nc3 cxd4 10. Nxd4 Nc6 11. Nxc6 bxc6 12. Qe2 e5 13. Rd1 Qc7 14. Be3 Be6
15. Rac1 Nc4 16. Nd5 cxd5 17. exd5 Qa5 18. Rxc4 Bd7 19. d6 {Black resigns} 1-0

[Event "Team 45 45 League T37"]
[Site "Internet Chess Club"]
[Date "2008.06.02"]
[Round "6"]
[White "lele"]
[Black "Dan777"]
[Result "1/2-1/2"]
[WhiteElo "1939"]
[BlackElo "1892"]
[Opening "Old Benoni defense"]
[ECO "A46"]
[Time "14:59:38"]
[TimeControl "2700+45"]

1. d4 Nf6 2. Nf3 c5 3. d5 b5 4. c4 g6 5. Qc2 bxc4 6. e4 d6 7. Bxc4 Bg7 8. Nc3
O-O 9. O-O Ba6 10. Qd3 Bxc4 11. Qxc4 Nbd7 12. Re1 Qc7 13. Nb5 Qb8 14. a4 a6 15.
Na3 Ng4 16. h3 Nge5 17. Nxe5 Nxe5 18. Qc2 e6 19. Nc4 Qb4 20. Nd2 c4 21. f4 Nd3
22. Rf1 exd5 23. exd5 Nxb2 24. Bxb2 Bxb2 25. Rab1 c3 26. Ne4 Qd4+ 27. Kh1 f5 28.
Nxd6 Qc5 29. Rxb2 Qxd6 30. Qxc3 Qxd5 31. Rd2 Qe6 32. Rfd1 Rac8 33. Qd3 Rf7 34.
Qd6 Rc6 {Game drawn by mutual agreement} 1/2-1/2

[Event "Team 45 45 League T37"]
[Site "Internet Chess Club"]
[Date "2008.05.31"]
[Round "6"]
[White "Razorbackchess"]
[Black "Karpyan"]
[Result "1/2-1/2"]
[WhiteElo "1794"]
[BlackElo "1843"]
[Opening "English, 1...Nf6 (Anglo-Indian defense)"]
[ECO "A15"]
[Time "12:15:37"]
[TimeControl "2700+45"]

1. c4 Nf6 2. g3 g6 3. Bg2 Bg7 4. Nc3 c5 5. d3 Nc6 6. a3 O-O 7. Rb1 Ne8 8. e4 d6
9. Nge2 Bg4 10. h3 Bd7 11. O-O Nc7 12. Kh2 Rb8 13. Be3 b5 14. cxb5 Nxb5 15. Nxb5
Rxb5 16. d4 cxd4 17. Nxd4 Rb8 18. Nxc6 Bxc6 19. b4 a5 20. Qd2 axb4 21. axb4 Qd7
22. Bd4 Bb5 23. Bxg7 Bxf1 24. Bxf8 Bxg2 25. Kxg2 Kxf8 26. Qd4 Kg8 27. Ra1 Qb5
{Game drawn by mutual agreement} 1/2-1/2

[Event "Team 45 45 League T37"]
[Site "Internet Chess Club"]
[Date "2008.05.31"]
[Round "6"]
[White "Rookmaster"]
[Black "Budzo"]
[Result "1-0"]
[WhiteElo "1851"]
[BlackElo "1729"]
[Opening "French: Two knights variation"]
[ECO "C00"]
[Time "10:01:40"]
[TimeControl "2700+45"]

1. e4 e6 2. Nf3 d5 3. Nc3 Nf6 4. e5 Nfd7 5. d4 c5 6. dxc5 Nc6 7. Bf4 Bxc5 8. Bd3
f6 9. exf6 Nxf6 10. O-O O-O 11. Ne5 Bd7 12. Qd2 Qe7 13. Rae1 Rae8 14. a3 a6 15.
Bg3 Nxe5 16. Bxe5 Ng4 17. Bg3 Bd6 18. f3 Bxg3 19. hxg3 Nf6 20. g4 e5 21. g5 Nh5
22. Nxd5 Qc5+ 23. Kh2 Bc6 24. Nc3 e4 25. Nxe4 Bxe4 26. Rxe4 Rxe4 27. Bxe4 Qe5+
28. Kg1 Ng3 29. Qd5+ Qxd5 30. Bxd5+ Kh8 31. Rf2 b6 32. Kh2 Nf5 33. Be4 Nd6 34.
Bd3 a5 35. Re2 {Black resigns} 1-0

[Event "Team 45 45 League T37"]
[Site "Internet Chess Club"]
[Date "2008.05.31"]
[Round "6"]
[White "okun"]
[Black "chicopee-ed"]
[Result "1-0"]
[WhiteElo "1621"]
[BlackElo "1490"]
[Opening "Réti opening"]
[ECO "A05"]
[Time "14:02:41"]
[TimeControl "2700+45"]

1. Nf3 Nf6 2. g3 c6 3. Bg2 d5 4. Rf1 Bf5 5. Nc3 e6 6. d3 Nbd7 7. Nh4 Bg6 8. Nxg6
hxg6 9. h4 Bd6 10. Bg5 Qc7 11. Qd2 Bxg3 12. fxg3 Qxg3+ 13. Rf2 Ng4 14. e4 Qxf2+
15. Qxf2 Nxf2 16. Kxf2 f6 17. Bf4 Rxh4 18. Bg3 Rh7 19. exd5 cxd5 20. Nb5 Kf7 21.
Nd6+ Ke7 22. Nxb7 e5 23. Bxd5 Rb8 24. b3 Rc8 25. c4 Nc5 26. Nxc5 Rxc5 27. Re1
Kd7 28. Bf7 g5 29. Bg6 Rh8 30. Bf5+ Kd8 31. Kg2 Ra5 32. a4 Ra6 33. Bf2 Ke7 34.
d4 Rd6 35. dxe5 Rd2 36. exf6+ Kxf6 37. Bg4 Rb8 38. Bd1 Rbd8 39. Bg4 Rb2 40. Re3
Rdd2 41. Rf3+ Ke7 42. Kg3 Rb1 43. c5 Rdb2 44. c6 Kd8 45. Rc3 Rxb3 46. c7+ {Black
resigns} 1-0

[Event "Team 45 45 League T37"]
[Site "Internet Chess Club"]
[Date "2008.05.29"]
[Round "6"]
[White "Mutaant"]
[Black "RingLord"]
[Result "0-1"]
[WhiteElo "1390"]
[BlackElo "1561"]
[Opening "Sicilian defense"]
[ECO "B20"]
[Time "17:37:33"]
[TimeControl "2700+45"]

1. e4 c5 2. Bc4 e6 3. Nf3 a6 4. a3 Nc6 5. O-O d5 6. exd5 exd5 7. Be2 Be7 8. d4
Nf6 9. dxc5 Bxc5 10. Bg5 Be6 11. Nc3 Be7 12. h3 h6 13. Bf4 b5 14. Nd4 Nxd4 15.
Qxd4 Rc8 16. Bf3 Bc5 17. Qd2 d4 18. Ne4 Nxe4 19. Bxe4 Qf6 20. Bg3 O-O 21. Bb7
Rcd8 22. Bxa6 Bc4 23. Qa5 Bxf1 24. Kxf1 d3 25. cxd3 Qxb2 26. Rd1 Qc2 27. Rd2
Qc1+ 28. Ke2 Rfe8+ 29. Kf3 Bb6 30. Qb4 Qc6+ 31. Kg4 Rd4+ 32. Qxd4 Bxd4 {White
resigns} 0-1

[Event "Team 45 45 League T37"]
[Site "Internet Chess Club"]
[Date "2008.06.01"]
[Round "6"]
[White "GolfSuper"]
[Black "Avedldesierto"]
[Result "0-1"]
[WhiteElo "1572"]
[BlackElo "1815"]
[Opening "Caro-Kann: exchange variation"]
[ECO "B13"]
[Time "17:23:49"]
[TimeControl "2700+45"]

1. e4 c6 2. d4 d5 3. exd5 cxd5 4. Nc3 Nc6 5. h3 e6 6. Bf4 Bb4 7. Nf3 Nf6 8. Bd3
Ne4 9. Bxe4 dxe4 10. Ne5 Qxd4 11. Nxc6 Bxc3+ 12. bxc3 Qxc3+ 13. Ke2 Qxc6 14. Re1
Qc4+ 15. Ke3 O-O 16. Qe2 Qc3+ 17. Kxe4 f5# {White checkmated} 0-1

[Event "Team 45 45 League T37"]
[Site "Internet Chess Club"]
[Date "2008.05.31"]
[Round "6"]
[White "Cotesita"]
[Black "PostMike"]
[Result "1/2-1/2"]
[WhiteElo "1655"]
[BlackElo "1530"]
[Opening "Nimzo-Indian: Leningrad variation"]
[ECO "E30"]
[Time "14:01:52"]
[TimeControl "2700+45"]

1. d4 Nf6 2. c4 e6 3. Nc3 Bb4 4. Bg5 b6 5. Nf3 Bb7 6. e3 h6 7. Bh4 O-O 8. Bd3 d6
9. O-O Bxc3 10. bxc3 Nbd7 11. Re1 c5 12. e4 Qc7 13. Rc1 Rfc8 14. a4 e5 15. Bg3
Nh5 16. Nxe5 Nxg3 17. Nxd7 Nxe4 18. Bxe4 Qxd7 19. d5 Re8 20. Qf3 Re5 21. Bc2
Rae8 22. Rxe5 Rxe5 23. Qd3 g6 24. f4 Rh5 25. Bd1 Rh4 26. Qg3 Qe7 27. Bf3 Qf6 28.
Re1 Kf8 29. Re4 Bc8 30. Qe1 Bd7 31. g3 Rh3 32. Kg2 h5 33. Kg1 g5 34. Bg2 gxf4
35. Bxh3 Bxh3 36. Rxf4 Qg6 37. Qe4 Qg7 38. Qe3 h4 {Game drawn by mutual
agreement} 1/2-1/2

[Event "Team 45 45 League T37"]
[Site "Internet Chess Club"]
[Date "2008.06.03"]
[Round "6"]
[White "strudel"]
[Black "stakastra"]
[Result "0-1"]
[WhiteElo "1415"]
[BlackElo "1510"]
[Opening "Sicilian: Boleslavsky variation"]
[ECO "B58"]
[Time "14:24:34"]
[TimeControl "2700+45"]

1. e4 c5 2. Nf3 Nc6 3. d4 cxd4 4. Nxd4 d6 5. Nc3 Nf6 6. Be2 e5 7. Nf3 h6 8. a4
Be7 9. b3 O-O 10. Ba3 a6 11. O-O Bg4 12. Nd2 Bxe2 13. Qxe2 Nd4 14. Qd3 Qc7 15.
Rac1 Rac8 16. Nc4 Nh5 17. Nd5 Qd8 18. Nxe7+ Qxe7 19. Bxd6 Qe6 20. Bxe5 Nc6 21.
Bd6 Rfd8 22. Qf3 Nf6 23. e5 Nd7 24. Rfe1 b5 25. axb5 axb5 26. Na3 Ndxe5 27. Bxe5
Nxe5 28. Qh5 Qa6 29. Nxb5 Qxb5 30. Qxe5 Rc5 31. Qb2 Rd2 32. Qb1 Rf5 33. c4 Qc5
34. Re8+ Kh7 35. Qxf5+ Qxf5 36. Rf1 Rb2 37. Ree1 Rxb3 38. Rc1 Qc5 39. h3 Rb4 40.
Rc2 Rxc4 41. Rxc4 Qxc4 42. Ra1 f5 {White resigns} 0-1

[Event "Team 45 45 League T37"]
[Site "Internet Chess Club"]
[Date "2008.06.01"]
[Round "6"]
[White "Tomate"]
[Black "N20863"]
[Result "1-0"]
[WhiteElo "1468"]
[BlackElo "1248"]
[Opening "Sicilian defense"]
[ECO "B32"]
[Time "10:59:24"]
[TimeControl "2700+45"]

1. e4 c5 2. Nf3 Nc6 3. d4 cxd4 4. Nxd4 Nxd4 5. Qxd4 e6 6. Nc3 Ne7 7. Bf4 Nc6 8.
Qd2 Bb4 9. a3 Bxc3 10. Qxc3 O-O 11. O-O-O Qb6 12. Qg3 g6 13. Bh6 Rd8 14. Qf4 f5
15. exf5 exf5 16. Bc4+ Kh8 17. Bg5 Rf8 18. Bh6 Rd8 19. Qd2 Ne5 20. Qc3 d6 21. f4
Qe3+ {Black resigns} 1-0

[Event "Team 45 45 League T37"]
[Site "Internet Chess Club"]
[Date "2008.06.02"]
[Round "6"]
[White "Checkmates"]
[Black "frontier"]
[Result "1-0"]
[WhiteElo "2407"]
[BlackElo "2156"]
[Opening "French: classical variation"]
[ECO "C14"]
[Time "18:20:37"]
[TimeControl "2700+45"]

1. e4 e6 2. d4 d5 3. Nc3 Nf6 4. Bg5 Be7 5. e5 Nfd7 6. Bxe7 Qxe7 7. Qh5 a6 8. Bd3
b6 9. Nf3 Bb7 10. Ne2 c5 11. c3 Nc6 12. O-O O-O-O 13. a3 Kb8 14. b4 cxd4 15.
cxd4 Na7 16. Nd2 Rc8 17. f4 g6 18. Qf3 h5 19. Nb3 Rc7 20. g3 Rhc8 21. h3 Ka8 22.
Qe3 Nb8 23. Kg2 Qd7 24. a4 Rc4 25. Qd2 Qe7 26. b5 Qb4 27. Rfb1 a5 28. Qxb4 Rxb4
29. Nd2 Rxb1 30. Rxb1 Nd7 31. Nf3 Kb8 32. Ng5 Rf8 33. Rc1 Nc8 34. g4 hxg4 35.
hxg4 Ne7 36. Rh1 Bc8 37. Rh7 Ng8 38. Nxf7 {Black resigns} 1-0

[Event "Team 45 45 League T37"]
[Site "Internet Chess Club"]
[Date "2008.05.28"]
[Round "6"]
[White "chsrules88"]
[Black "SuperPeon"]
[Result "1/2-1/2"]
[WhiteElo "2055"]
[BlackElo "2033"]
[Opening "Pirc: classical system, 5.Be2"]
[ECO "B08"]
[Time "21:28:21"]
[TimeControl "2700+45"]

1. e4 d6 2. d4 Nf6 3. Nc3 g6 4. Nf3 Bg7 5. Be2 Bg4 6. Be3 O-O 7. O-O Nc6 8. h3
Bxf3 9. Bxf3 e5 10. d5 Ne7 11. Qd2 Nd7 12. Rfe1 f5 13. exf5 Nxf5 14. Bg4 Nxe3
15. Be6+ Kh8 16. Qxe3 Nc5 17. Bg4 a5 18. Ne4 Nxe4 19. Qxe4 Rf4 20. Qe3 c5 21. g3
Rf8 22. c4 a4 23. Qd2 e4 24. Rxe4 a3 25. Rb1 axb2 26. Rxb2 Bxb2 27. Qxb2+ Qf6
28. Qxf6+ Rxf6 29. Re2 Ra4 30. Rc2 Rf8 31. Bd7 Ra3 32. Rb2 Rb8 33. Bc6 b6 34. h4
Kg7 35. Re2 Kf7 36. Kg2 Ra7 37. a4 Re7 38. Rb2 Ra7 39. Re2 h5 40. Re3 Rc7 41.
Rb3 Ra7 42. Re3 Rc8 43. Rb3 Rb8 44. Re3 Rc8 45. Rb3 Rb8 {Game drawn by
repetition} 1/2-1/2

[Event "Team 45 45 League T37"]
[Site "Internet Chess Club"]
[Date "2008.06.02"]
[Round "6"]
[White "jazzyjoe"]
[Black "Atwode"]
[Result "1/2-1/2"]
[WhiteElo "1701"]
[BlackElo "1859"]
[Opening "French: exchange variation"]
[ECO "C01"]
[Time "10:00:12"]
[TimeControl "2700+45"]

1. e4 e6 2. d4 d5 3. exd5 exd5 4. Nf3 Bg4 5. Be2 Bd6 6. Be3 Ne7 7. O-O O-O 8.
Re1 Nf5 9. Qd2 Nxe3 10. Qxe3 Re8 11. Qd3 Nd7 12. c3 c6 13. Nbd2 Nf6 14. Qc2 Qc7
15. h3 Bd7 16. Bd3 Rxe1+ 17. Rxe1 Re8 18. Rxe8+ Bxe8 19. Bf5 g6 20. Bd3 Nh5 21.
Qd1 Nf4 22. Qe1 Qe7 23. Qxe7 Bxe7 24. Bf1 Bd7 25. Kh2 Ne6 26. Ne5 Bc8 27. g3 Ng5
28. h4 Ne4 29. Nxe4 dxe4 30. Bc4 Be6 31. Bxe6 fxe6 32. Kg2 c5 33. f4 exf3+ 34.
Kxf3 cxd4 35. cxd4 Bb4 36. a3 Be1 37. Nd7 Kf7 38. Nc5 b6 39. Nd3 Bd2 40. g4 Bh6
41. g5 Bg7 42. Ne5+ Bxe5 43. dxe5 Ke7 44. Ke4 Kd7 45. Kd4 Kc6 46. Kc4 a6 47. b4
b5+ 48. Kd4 Kb6 49. Kd3 Kc6 50. Kd4 Kb6 51. Kd3 Kc6 52. Kd4 {Game drawn by
repetition} 1/2-1/2